 Dungeon Crawl Stone Soup version 0.30-a0-6-g7c9e10e132 (webtiles) character file.

Game seed: 8076579257186111289

735 MarshCave the Magician (level 8, 0/50 HPs)
             Began as a Djinni Fire Elementalist on Aug 22, 2022.
             Slain by an iguana (10 damage)
             ... on level 5 of the Dungeon.
             The game lasted 00:07:32 (4551 turns).

MarshCave the Magician (Djinni Fire Elementalist)   Turns: 4551, Time: 00:07:32

Health: 0/50       AC:  4    Str:  9    XL:     8   Next: 4%
Gold:   183        EV: 12    Int: 23    God:
                   SH:  5    Dex: 14

rFire   + + .      SeeInvis .    B - +0 short sword
rCold   x . .      Faith    .    (no shield)
rNeg    . . .      Spirit   .    a - +0 robe
rPois   ∞          Reflect  +    (no helmet)
rElec   .          Harm     .    p - +0 cloak
rCorr   .          Rampage  .    c - +0 pair of gloves
Will    .....                    (boots unavailable)
Stlth   ++........               m - amulet of reflection
HPRegen 0.16/turn                k - +6 ring of intelligence
MPRegen 0.00/turn                (no ring)

@: flying
A: sickness immunity, fire resistance 2, cold vulnerability 1, float, innate
caster, HP casting, extra vitality 1
a: no special abilities


You were on level 5 of the Dungeon.
You visited 1 branch of the dungeon, and saw 5 of its levels.

You collected 183 gold pieces.

Inventory:

Hand Weapons
 A - a +0 spear of venom
 B - a +0 short sword (weapon)
Missiles
 f - 7 poisoned darts
 y - 2 throwing nets
Armour
 a - a +0 robe (worn)
 c - a +0 pair of gloves (worn)
 p - a +0 cloak (worn)
Jewellery
 k - a +6 ring of intelligence (left hand)
 m - an amulet of reflection (around neck)
 x - an amulet of the acrobat
Wands
 w - a wand of mindburst (13)
 C - a wand of flame (22)
Scrolls
 b - 4 scrolls of teleportation {unknown}
 e - a scroll of fear {unknown}
 i - 4 scrolls of identify {unknown}
 j - 3 scrolls of blinking {unknown}
 n - a scroll of magic mapping {unknown}
 r - a scroll of amnesia {unknown}
 t - a scroll of enchant weapon {unknown}
 u - 2 scrolls of poison {unknown}
 z - a scroll of vulnerability {unknown}
 D - a scroll of summoning {unknown}
Potions
 d - 2 potions of might {unknown}
 g - a potion of haste {unknown}
 h - a potion of ambrosia {unknown}
 l - a potion of degeneration {unknown}
 o - 2 potions of flight {unknown}
 q - a potion of magic {unknown}
 s - a potion of cancellation {unknown}
 v - a potion of brilliance {unknown}


   Skills:
 - Level 2.1 Dodging
 - Level 1.5 Stealth
 + Level 6.8 Spellcasting


You had one spell level left.
You knew the following spells:

 Your Spells              Type           Power      Damage    Failure   Level
a - Foxfire               Conj/Fire      100%       2x1d9     1%          1
b - Scorch                Fire           78%        2d9       1%          2
c - Conjure Flame         Conj/Fire      39%        6-21      1%          3
d - Inner Flame           Hex/Fire       39%        N/A       1%          3
e - Flame Wave            Conj/Fire      39%        2d11      4%          4
f - Sandblast             Erth           78%        2d17      1%          1
g - Passwall              Tmut/Erth      32%        N/A       1%          2
h - Ignite Poison         Fire/Tmut/Pois 39%        N/A       1%          3
Your spell library was empty.

Dungeon Overview and Level Annotations

Branches:
Dungeon (5/15)
 Temple: D:4-7

Altars:
Cheibriados
Elyvilon

Shops:
D:1 *


Innate Abilities, Weirdness & Mutations

You are immune to sickness and miasma.
You are immune to poison.
Your flesh is very heat resistant. (rF++)
You are vulnerable to cold. (rC-)
You float through the air rather than walking.
You learn spells naturally, not from books.
Your magical power is your life essence.
You have superior vitality. (+4 MHP)


Message History

The kobold brigand is moderately wounded.
The kobold brigand's fire resistance burns away.
* * * LOW HITPOINT WARNING * * *
The kobold brigand barely misses you.
Casting: Scorch (safe; 1% risk of failure)
Confirm with . or Enter, or press ? or * to list all spells.
Flames lash the kobold brigand.
The kobold brigand is burned terribly!
You kill the kobold brigand!
* * * LOW HITPOINT WARNING * * *
An iguana comes into view.
You have reached level 8!
You feel clever.
Things that are here:
a +1 dagger of draining; an orc corpse
Casting: Scorch (safe; 1% risk of failure)
Confirm with . or Enter, or press ? or * to list all spells.
You conjure some foxfire!
* * * LOW HITPOINT WARNING * * *
The foxfire hits the iguana.
The iguana is moderately wounded.
The foxfire hits the iguana.
The iguana is moderately wounded.
Casting: Foxfire (safe; 1% risk of failure)
Confirm with . or Enter, or press ? or * to list all spells.
You conjure some foxfire!
* * * LOW HITPOINT WARNING * * *
The foxfire hits the iguana.
The iguana is heavily wounded.
The foxfire hits the iguana but does no damage.
The iguana is heavily wounded.
The iguana closely misses you.
Casting: Foxfire (safe; 1% risk of failure)
Confirm with . or Enter, or press ? or * to list all spells.
Flames lash the iguana.
The iguana is severely wounded.
The iguana's fire resistance burns away.
* * * LOW HITPOINT WARNING * * *
The iguana misses you. The iguana bites you!
You die...

#.....## #.)## .......#
#.)# #......# #.###
.......## #####...####
#..##...###..........#
##.##....##..........#
................)....##
.####...........l.....##
## #..####.....@......#
## #.... #..........#..
.####.##.##..........# #
....... ................
......# .............###
....... .............#
...... #.###########
##.... .. ......


You could see an iguana (combustible).

Vanquished Creatures
  2 black bears
  A kobold brigand (D:5)
  A necrophage (D:4)
  A scorpion (D:5)
  2 hounds
  A jelly (D:5)
  2 gnoll boudas
  An iguana (D:5)
  A hound skeleton (D:3)
  6 gnolls
  5 adders
  3 adder zombies (D:3)
  2 adder skeletons (D:3)
  A worm (D:4)
  An orc (D:5)
  7 bats
  7 endoplasms
  4 giant cockroaches
  8 goblins
  6 hobgoblins
  3 jackals (D:4)
  2 quokkas
  3 ball pythons
  A ball python skeleton (D:3)
  A frilled lizard (D:1)
  7 kobolds
  A quokka zombie (D:3)
  6 rats
86 creatures vanquished.

Vanquished Creatures (collateral kills)
  A foxfire (D:3)
1 creature vanquished.

Vanquished Creatures (others)
  231 foxfires
  2 plants (D:4)
233 creatures vanquished.

Grand Total: 320 creatures vanquished

Notes
Turn   | Place    | Note
-------+----------+-------------------------------------------
     0 | D:1      | MarshCave the Djinni Fire Elementalist began the quest for
                  | the Orb.
     0 | D:1      | MarshCave set off with the following spells memorised:
                  | Foxfire, Scorch, Conjure Flame, Inner Flame, Flame Wave.
     0 | D:1      | Reached XP level 1. HP: 15/15 MP: 0/0
   486 | D:1      | Reached XP level 2. HP: 18/21 MP: 0/0
   675 | D:1      | Found Boniemm's General Store.
   692 | D:1      | Reached skill level 3 in Spellcasting
   945 | D:1      | Reached XP level 3. HP: 24/25 MP: 0/0
   945 | D:1      | Learned a level 1 spell: Sandblast
  2122 | D:3      | Noticed a black bear
  2130 | D:3      | Killed a black bear
  2131 | D:3      | Reached skill level 4 in Spellcasting
  2131 | D:3      | Reached XP level 4. HP: 24/31 MP: 0/0
  2131 | D:3      | Reached XP level 5. HP: 27/35 MP: 0/0
  2131 | D:3      | Learned a level 2 spell: Passwall
  2850 | D:4      | Noticed a black bear
  2855 | D:4      | Killed a black bear
  2856 | D:4      | Reached skill level 5 in Spellcasting
  2856 | D:4      | Reached XP level 6. HP: 25/40 MP: 0/0
  3134 | D:4      | Found a snail-covered altar of Cheibriados.
  3263 | D:4      | Reached XP level 7. HP: 22/45 MP: 0/0
  3263 | D:4      | Learned a level 3 spell: Ignite Poison
  3465 | D:4      | Found a white marble altar of Elyvilon.
  3940 | D:4      | Reached skill level 6 in Spellcasting
  4190 | D:5      | Entered Level 5 of the Dungeon
  4540 | D:5      | Reached XP level 8. HP: 12/50 MP: 0/0
  4551 | D:5      | Slain by an iguana

Illustrated notes

Levels and vault maps discovered:
D:1:      psy_arrival_basics, layout_rooms, serial_shops, shop,
          corexii_item_surrounded_by_moat
D:2:      layout_rooms, serial_curves, eino_curves_02, eino_curves_04,
          eino_curves_01
D:3:      layout_loops_cross, serial_undead, serial_undead_a, serial_undead_f,
          serial_undead_f, serial_undead_a, serial_undead_a, serial_undead_a
D:4:      layout_gridville, elyvilon_altar_1, mainiacjoe_overflow_cross_hatched,
          serial_bayou_lake_a
D:5:      layout_rooms, temple_statues, dk_rats_in_the_wall

Skill      XL: |  1  2  3  4  5  6  7 |
---------------+----------------------+-----
Spellcasting   | 3 4 5 6 |  6.8
Dodging        | |  2.1
Stealth        | |  1.5

Action                   |  1- 3 |  4- 6 |  7- 9 || total
-------------------------+-------+-------+-------++-------
 Cast: Foxfire           |    72 |    34 |    35 ||   141
       Scorch            |     5 |    12 |    17 ||    34
       Inner Flame       |     1 |     2 |       ||     3
       Flame Wave        |       |       |     2 ||     2
Armor: Robe              |     2 |     5 |     9 ||    16
Dodge: Dodged            |     9 |    18 |    16 ||    43
Block: Other             |       |       |     5 ||     5

Table legend: (Time is in decaauts)
 A = Elapsed time spent in this place.
 B = Non-inter-level travel time spent in this place.
 C = Inter-level travel time spent in this place.
 D = Time resting spent in this place.
 E = Time spent auto-exploring this place.
 F = Levels seen in this place.
 G = Mean time per level.
                   A        B        C        D        E       F      G
               +--------+--------+--------+--------+--------+-----+--------+
         Total |   4548 |   4454 |     94 |    950 |   2910 |   5 |  909.6 |
       Dungeon |   4548 |   4454 |     94 |    950 |   2910 |   5 |  909.6 |
               +--------+--------+--------+--------+--------+-----+--------+

Top non-repeatable levels by time:
     D:4: 1340 daAuts
     D:3: 1069 daAuts
     D:1: 1047 daAuts
     D:2: 730 daAuts
     D:5: 360 daAuts
